Map: Laboratorio biológico

Players

llines

  • Race: Protoss Protoss

RiG

  • Race: Protoss Protoss

esbudellador - Winner!

  • Race: Zerg Zerg

Xavi - Winner!

  • Race: Zerg Zerg

Trebel

  • Race: Terran Terran

serge - Winner!

  • Race: Terran Terran

VOD

Have the link to the VOD?

Description

Time

  • Played on: March 16, 2022, 6:01 p.m.
  • Length: 8:34
Show
View Real Time Build Order
Export as new Build Order

llines Protoss 

Build Orders:  

Get SALT Encoding   

  12  0:01  Probe  
  13  0:14  Probe  
  14  0:34  Probe  
  15  0:46  Pylon  
  15  1:01  Pylon  
  15  1:02  Pylon  
  15  1:04  Probe  
  15  1:06  Pylon  
  16  1:16  Probe  
  17  1:28  Gateway  
  17  1:32  Gateway  
  17  1:38  Gateway  
  17  2:17  Pylon  
  17  2:18  Pylon  
  17  2:37  Gateway  
  17  2:39  Gateway  
  17  2:48  Assimilator  
  17  2:54  Assimilator  
  17  3:01  Pylon  
  17  3:06  Pylon  
  17  3:11  Pylon  
  17  3:14  Forge  
  17  3:28  Probe  
  18  3:40  Probe  
  19  3:44  Cybernetics Core  
  19  3:52  Probe, Photon Cannon  
  19  3:53  Photon Cannon  
  20  3:56  Photon Cannon  
  20  3:59  Pylon  
  20  4:01  Pylon  
  20  4:04  Probe  
  20  4:06  Photon Cannon  
  20  4:08  Photon Cannon  
  21  4:16  Probe  
Show
View Real Time Build Order
Export as new Build Order

RiG Protoss 

Build Orders: Double Forge 

Get SALT Encoding   

  12  0:06  Probe  
  13  0:41  Probe  
  14  0:44  Pylon  
  14  0:45  Pylon  
  14  1:08  Pylon  
  14  1:24  Gateway x2  
  14  1:26  Forge  
  14  1:38  Forge  
  14  1:44  Pylon  
  14  2:17  Photon Cannon  
  14  2:21  Photon Cannon  
  14  2:27  Zealot x2  
Show
View Real Time Build Order
Export as new Build Order

esbudellador Zerg - Winner!

Build Orders: Pool First 

Get SALT Encoding   

  12  0:21  Spawning Pool  
  11  0:22  Drone  
  11  0:27  Drone  
  13  0:31  Drone  
  14  0:39  Extractor  
  14  0:40  Drone  
  14  0:48  Overlord  
  14  1:08  Zergling x4  
  16  1:20  Zergling x2  
  17  1:27  Queen  
  17  1:29  Zergling x2  
  20  1:38  Zergling x2  
  21  1:51  Zergling x2  
  22  2:20  Overlord x2  
  22  2:44  Zergling x6  
  22  2:49  Queen  
  26  3:14  Zergling x4  
  30  3:48  Zergling x6  
  31  4:03  Lair  
  31  4:07  Extractor  
  31  4:08  Metabolic Boost  
  30  4:13  Drone x2  
  32  4:29  Drone x4  
  36  4:51  Drone  
  37  4:53  Overlord  
  37  5:02  Hatchery  
  36  5:23  Zergling x8  
  40  5:33  Drone  
  41  5:49  Spire  
  40  5:58  Drone x2  
  42  6:12  Hatchery  
  42  6:17  Drone  
  42  6:22  Overlord  
  42  6:26  Drone  
  43  6:52  Extractor  
  42  7:00  Mutalisk x4  
  42  7:01  Mutalisk x4  
  58  7:09  Overlord x2  
  58  7:27  Mutalisk x2  
Show
View Real Time Build Order
Export as new Build Order

Xavi Zerg - Winner!

Build Orders: Pool First 

Get SALT Encoding   

  12  0:19  Spawning Pool  
  11  0:22  Drone  
  11  0:27  Drone  
  13  0:34  Extractor  
  12  0:35  Drone  
  13  0:44  Overlord  
  13  0:48  Drone  
  14  1:06  Zergling x4  
  14  1:10  Queen  
  18  1:23  Zergling x2  
  19  1:30  Zergling x2  
  20  1:36  Metabolic Boost  
  20  1:38  Zergling x2  
  21  2:05  Zergling x2  
  21  2:06  Overlord  
  22  2:32  Drone x2, Zergling x2  
  22  2:36  Hatchery  
  24  2:49  Drone x2, Zergling x2  
  27  3:02  Zergling x2, Drone  
  27  3:14  Drone  
  28  3:24  Zergling x2  
  29  3:29  Extractor  
  28  3:53  Drone x4  
  28  3:54  Drone  
  28  3:55  Lair  
  33  4:02  Queen  
  35  4:05  Overlord x2  
  35  4:38  Drone x3  
  34  5:15  Queen  
  34  5:16  Extractor  
  34  5:17  Extractor  
  34  5:26  Drone x2, Hydralisk Den  
  34  5:27  Drone  
  36  5:54  Drone x7  
  43  6:01  Lair  
  43  6:02  Hydralisk x2  
  43  6:03  Hydralisk x2  
  51  6:04  Overlord x3  
  51  6:15  Evolution Chamber  
  50  6:20  Evolution Chamber  
  49  6:31  Grooved Spines  
  49  6:38  Hydralisk x4  
  57  6:57  Drone x2  
  57  6:58  Drone  
  57  6:59  Drone x2  
  62  7:17  Spire  
  61  7:27  Overseer  
  61  7:43  Pneumatized Carapace  
Show
View Real Time Build Order
Export as new Build Order

Trebel Terran 

Build Orders:  

Get SALT Encoding   

  12  0:01  SCV  
  13  0:16  Supply Depot  
  13  0:29  SCV  
  14  0:41  SCV  
  15  0:50  Barracks  
  15  1:12  Supply Depot  
  15  1:35  Supply Depot  
  15  1:36  Barracks  
  15  1:47  Engineering Bay  
  15  1:49  Marine  
  16  1:59  Barracks  
  16  2:07  Marine  
  17  2:25  Marine  
  17  2:29  Refinery  
  18  2:39  SCV  
  18  2:42  Refinery  
  18  2:44  Marine x2  
  21  2:51  SCV  
  22  3:01  Marine  
  22  3:02  Marine  
  22  3:03  SCV  
  25  3:15  SCV  
  26  3:28  SCV  
  27  3:34  Supply Depot  
  27  3:44  Barracks Tech Lab  
  27  3:46  Barracks Reactor  
  27  3:54  Barracks Reactor  
  27  3:57  Supply Depot  
  27  4:10  Orbital Command  
  20  5:26  Marine x3  
  3  5:44  Marine  
  2  6:10  Orbital Command  
    6:41  SCV  
  1  7:02  Supply Depot  
Show
View Real Time Build Order
Export as new Build Order

serge Terran - Winner!

Build Orders:  

Get SALT Encoding   

  12  0:12  Supply Depot  
  12  0:39  Refinery  
  12  0:42  Refinery  
  12  0:50  Engineering Bay  
  12  1:14  Barracks  
  12  1:34  Supply Depot  
  12  1:36  Planetary Fortress  
  12  2:02  Marine  
  13  2:15  SCV  
  14  2:19  Marine  
  15  2:37  Marine  
  15  2:38  Barracks  
  16  2:55  Marine  
  17  3:24  Marine  
  18  3:31  Marine  
  19  3:42  Marine  
  19  3:45  Supply Depot  
  20  3:49  Marine  
  21  4:00  Marine  
  22  4:07  Marine  
  23  4:18  Marine  
  24  4:24  Marine  
  25  4:35  Marine  
  26  4:42  Marine  
  27  4:53  Marine  
  28  5:00  Marine  
  26  5:11  Marine  
  27  5:18  Marine  
  28  5:29  Marine  
  29  5:36  Marine  
  30  5:47  Marine  
  31  5:53  Marine  
  32  6:05  Marine  
  33  6:11  Marine  
  34  6:22  Marine  
  35  6:29  Marine  
  36  6:40  Marine  
  37  6:47  Marine  
  38  6:58  Marine  
Tags
 
Add a new tag
Caveats
  • Supply blocks, unpowered buildings, or Contaminate may cause inaccurate times.
  • Supply counts are checked every 10 seconds.